 Dungeon Sprint DCSS version 0.22.2-1-ge965b3a (webtiles) character file.

10700000 Fang the Conqueror (level 27, -1/249 HPs)
             Began as a Demonspawn Gladiator on June 5, 2019.
             Was the Champion of Makhleb.
             Killed by divine providence
             ... invoked by an accursed
              (9 damage)
             ... in the Dungeon (Sprint VIII: "Arena of Blood").
             The game lasted 00:01:34 (107 turns).

Fang the Conqueror (Demonspawn Gladiator)            Turns: 107, Time: 00:01:35

Health: -1/249     AC: 12    Str: 24    XL:     27
Magic:  0/54       EV: 32    Int: 11    God:    Makhleb [******]
Gold:   0          SH:  0    Dex: 17    Spells: 80/80 levels left

rFire    + . .     SeeInvis .   l - +∞ Axe of Woe
rCold    + . .     Gourm    .   (shield currently unavailable)
rNeg     . . .     Faith    .   b - +0 leather armour
rPois    .         Spirit   +   c - +0 helmet
rElec    .         Reflect  .   (no cloak)
rCorr    .         Harm     .   (no gloves)
MR       ++...     NoTele   +   (boots unavailable)
Stlth    +++++++++.             (no amulet)
HPRegen  11.51/turn             (no ring)
MPRegen  0.68/turn              (no ring)

@: marked
A: hooves 3, icy blue scales 3, fire resistance 1, hurl damnation, powered by
death 3, magic shield, magic regeneration, magic link, flame cloud immunity
a: Hurl Damnation, Minor Destruction, Lesser Servant of Makhleb, Major
Destruction, Greater Servant of Makhleb, Renounce Religion


You were in the Dungeon.
You worshipped Makhleb.
Makhleb was exalted by your worship.
You were not hungry.

You visited 1 branch

Inventory:

Hand Weapons
 a - a +0 war axe
 l - the +∞ Axe of Woe (weapon)
   (You found it in the Dungeon)
Missiles
 d - 3 throwing nets (quivered)
Armour
 b - a +0 leather armour (worn)
 c - a +0 helmet (worn)
Scrolls
 k - a scroll of blinking
Potions
 e - a potion of curing
 g - a potion of heal wounds
 h - a potion of haste
 i - 2 potions of magic
 j - a potion of berserk rage
Comestibles
 f - a ration


   Skills:
 O Level 27 Fighting
 O Level 27 Axes
 O Level 27 Throwing
 O Level 27 Armour
 O Level 27 Dodging
 O Level 27 Stealth
 O Level 27 Unarmed Combat
 O Level 27 Spellcasting
 O Level 27 Invocations


You had 80 spell levels left.
You didn't know any spells.
Your spell library was empty.

Dungeon Overview and Level Annotations

Branches:
Dungeon (1/1)

Altars:
Makhleb

Annotations:
D The Servant


Innate Abilities, Weirdness & Mutations

You have hooves in place of feet.
You are completely covered in icy blue scales. (AC +4, rC+)
Your flesh is heat resistant. (rF+)
You can hurl damnation.
You regenerate a lot of health from kills.
When hurt, damage is shared between your health and your magic reserves.
You regenerate magic rapidly.
When low on magic, you restore magic in place of health.
You are immune to clouds of flame.


Message History

The large bag of meat convulses!
The bag of meat convulses! x5
Your body is wracked with pain!
* * * LOW HITPOINT WARNING * * *
The bag of meat convulses!
The eight-headed meat hydra convulses!
The bag of meat convulses! x2; The large bag of meat convulses! x2
The meat berserker convulses!
The bag of meat convulses!
The eight-headed meat hydra calls on the powers of darkness!
The eight-headed meat hydra convulses!
The bag of meat convulses! x2
The eight-headed meat hydra convulses!
The bag of meat convulses!
The large bag of meat convulses!
The bag of meat convulses!
Your body is wracked with pain!
* * * LOW HITPOINT WARNING * * *
The meat berserker convulses!
The bag of meat convulses!
The large bag of meat convulses!
The bag of meat convulses! x5
The meat berserker convulses!
The bag of meat convulses! x3
The eight-headed meat hydra convulses!
The bag of meat convulses! x3
The large bag of meat convulses!
The bag of meat convulses!
The accursed casts a spell at you. Something smites you!
You die... ....... ........... ..o..D.....
VDX.o.... . #.L.X...# o#oz #oXXVo..#

ooooM###O.Xoo..###..
o.oOO.2@§§###.......
oo#Do§§§§.DxoMo.....
#.o.OooO#O)ooo#.....


.{oooooL#{OoM_# ... #oDXooLo#ooooV# . ..#XxDooLoOMooo... ....DXXX..###oo....
....###... Oo###. .... #... o.# You could see 4 accurseds, 5 tentacled
monstrosities, a meat beast, 4 tyrants, 7 eight-headed meat hydras, 2
destroyers, 7 large bags of meat, 5 large abominations, 2 meat berserkers, a
small abomination, 46 bags of meat and a crawling corpse.

Vanquished Creatures
  Sigmund (D)
  12 hell beasts (D)
  A greater mummy (D)
  A great orb of eyes (D)
  4 wraiths (D)
  24 vampire knights (D)
  57 ogres (D)
  3 two-headed ogres (D)
  5 liches (D)
  61 orcs (D)
  A phantom (D)
  4 skeletal warriors (D)
  7 small abominations (D)
  7 large abominations (D)
  7 crawling corpses (D)
195 creatures vanquished.

Vanquished Creatures (others)
  An ogre (D)
  2 crawling corpses (D)
3 creatures vanquished.

Grand Total: 198 creatures vanquished

Notes
Turn   | Place    | Note
-------+----------+-------------------------------------------
     0 | D        | Found the +∞ Axe of Woe
     0 | D        | Fang the Demonspawn Gladiator began the quest for the Orb.
     0 | D        | Reached XP level 1. HP: 16/16 MP: 1/1
     2 | D        | Noticed a bag of meat
     2 | D        | Noticed a meat berserker
     4 | D        | Became a worshipper of Makhleb the Destroyer
     4 | D        | Noticed a bag of meat
     4 | D        | Noticed a bag of meat
     5 | D        | Noticed a meat berserker
     5 | D        | Noticed a bag of meat
     7 | D        | Killed a meat berserker
     7 | D        | Reached skill level 15 in Axes
     7 | D        | Reached skill level 15 in Throwing
     7 | D        | Reached skill level 15 in Dodging
     7 | D        | Gained mutation: When hurt, damage is shared between your
                  | health and your magic reserves. [demonic ancestry]
     7 | D        | Reached XP level 2. HP: 46/46 MP: 2/2
     7 | D        | Gained mutation: You regenerate a little health from kills.
                  | [demonic ancestry]
     7 | D        | Reached XP level 3. HP: 52/52 MP: 3/3
     7 | D        | Gained mutation: You have large cloven feet. [demonic
                  | ancestry]
     7 | D        | Reached XP level 4. HP: 59/59 MP: 4/4
     7 | D        | Gained mutation: You regenerate health from kills. [demonic
                  | ancestry]
     7 | D        | Reached XP level 5. HP: 66/66 MP: 5/5
     7 | D        | Gained mutation: You regenerate a lot of health from kills.
                  | [demonic ancestry]
     7 | D        | Reached XP level 6. HP: 73/73 MP: 6/6
     7 | D        | Gained mutation: You regenerate magic rapidly. [demonic
                  | ancestry]
     7 | D        | Reached XP level 7. HP: 79/79 MP: 7/7
     7 | D        | Reached XP level 8. HP: 86/86 MP: 8/8
     7 | D        | Gained mutation: You have hoof-like feet. [demonic
                  | ancestry]
     7 | D        | Reached XP level 9. HP: 92/92 MP: 9/9
     7 | D        | Reached XP level 10. HP: 100/100 MP: 10/10
     7 | D        | Reached XP level 11. HP: 106/106 MP: 11/11
     7 | D        | Gained mutation: You are partially covered in icy blue
                  | scales. (AC +2) [demonic ancestry]
     7 | D        | Reached XP level 12. HP: 113/113 MP: 12/12
     7 | D        | Gained mutation: When low on magic, you restore magic in
                  | place of health. [demonic ancestry]
     7 | D        | Reached XP level 13. HP: 119/119 MP: 13/13
     7 | D        | Noticed a bag of meat
     8 | D        | Noticed a meat berserker
     8 | D        | Noticed a bag of meat
    10 | D        | Killed a bag of meat
    10 | D        | Reached * piety under Makhleb
    10 | D        | Killed a bag of meat
    10 | D        | Reached XP level 14. HP: 105/133 MP: 10/14
    10 | D        | Noticed a meat berserker
    11 | D        | Killed a meat berserker
    11 | D        | Gained mutation: You are mostly covered in icy blue scales.
                  | (AC +3) [demonic ancestry]
    11 | D        | Reached XP level 15. HP: 38/144 MP: 3/15
    12 | D        | Killed a meat berserker
    12 | D        | Reached ** piety under Makhleb
    12 | D        | Reached XP level 16. HP: 90/157 MP: 7/16
    13 | D        | Reached *** piety under Makhleb
    14 | D        | Noticed a meat berserker
    15 | D        | Reached XP level 17. HP: 169/169 MP: 17/17
    15 | D        | Noticed a meat berserker
    16 | D        | Killed a meat berserker
    18 | D        | Reached **** piety under Makhleb
    18 | D        | Reached skill level 27 in Fighting
    19 | D        | Reached XP level 18. HP: 173/182 MP: 18/18
    20 | D        | Killed a meat berserker
    20 | D        | Reached skill level 27 in Axes
    20 | D        | Reached skill level 27 in Throwing
    20 | D        | Reached skill level 27 in Dodging
    22 | D        | Noticed a destroyer
    23 | D        | Killed a meat berserker
    23 | D        | Reached ***** piety under Makhleb
    23 | D        | Gained mutation: Your flesh is heat resistant. (rF+)
                  | [demonic ancestry]
    23 | D        | Reached XP level 19. HP: 189/189 MP: 24/35
    24 | D        | Reached skill level 15 in Stealth
    24 | D        | Reached skill level 15 in Armour
    24 | D        | Reached skill level 15 in Unarmed Combat
    24 | D        | Reached skill level 15 in Spellcasting
    25 | D        | Killed a destroyer
    25 | D        | Gained mutation: You have hooves in place of feet. [demonic
                  | ancestry]
    25 | D        | Reached XP level 20. HP: 197/197 MP: 27/41
    28 | D        | Noticed a destroyer
    28 | D        | Noticed a destroyer
    30 | D        | Noticed a large bag of meat
    31 | D        | Killed a destroyer
    31 | D        | Reached ****** piety under Makhleb
    31 | D        | Reached skill level 27 in Invocations
    31 | D        | Reached XP level 21. HP: 204/204 MP: 36/46
    32 | D        | Killed a destroyer
    32 | D        | Noticed a destroyer
    34 | D        | Killed a large bag of meat
    35 | D        | Noticed a destroyer
    37 | D        | Reached XP level 22. HP: 212/212 MP: 44/51
    38 | D        | Reached skill level 27 in Stealth
    38 | D        | Reached skill level 27 in Armour
    38 | D        | Reached skill level 27 in Unarmed Combat
    38 | D        | Reached skill level 27 in Spellcasting
    40 | D        | Killed a destroyer
    40 | D        | Gained mutation: You are completely covered in icy blue
                  | scales. (AC +4, rC+) [demonic ancestry]
    40 | D        | Reached XP level 23. HP: 219/219 MP: 49/54
    40 | D        | Noticed a destroyer
    41 | D        | Noticed a destroyer
    42 | D        | Killed a destroyer
    43 | D        | Noticed a destroyer
    43 | D        | Noticed a destroyer
    44 | D        | Killed a destroyer
    48 | D        | Killed a destroyer
    48 | D        | Reached XP level 24. HP: 227/227 MP: 54/54
    50 | D        | Killed a destroyer
    51 | D        | Noticed a destroyer
    51 | D        | Noticed a destroyer
    52 | D        | Gained mutation: You are immune to clouds of flame.
                  | [demonic ancestry]
    52 | D        | Reached XP level 25. HP: 234/234 MP: 50/54
    53 | D        | Noticed a destroyer
    53 | D        | Noticed a destroyer
    54 | D        | Noticed an accursed
    55 | D        | Gained mutation: You can hurl damnation. [demonic ancestry]
    55 | D        | Reached XP level 26. HP: 242/242 MP: 52/54
    58 | D        | Killed a destroyer
    58 | D        | Reached XP level 27. HP: 249/249 MP: 54/54
    59 | D        | Noticed a destroyer
    61 | D        | Killed a destroyer
    61 | D        | Noticed a destroyer
    63 | D        | Noticed a meat beast
    64 | D        | Killed a destroyer
    64 | D        | Noticed a dread
    64 | D        | Noticed The Captor
    66 | D        | Killed a destroyer
    66 | D        | Noticed a meat beast
    68 | D        | Killed a destroyer
    68 | D        | Killed a meat beast
    70 | D        | Noticed a destroyer
    71 | D        | Noticed a meat beast
    71 | D        | Noticed a meat beast
    72 | D        | Killed a meat beast
    72 | D        | Killed a destroyer
    72 | D        | Killed a destroyer
    73 | D        | Killed a dread
    74 | D        | Killed an accursed
    74 | D        | Killed The Captor
    74 | D        | Noticed a meat beast
    75 | D        | Noticed a destroyer
    75 | D        | Killed a meat beast
    75 | D        | Killed a meat beast
    75 | D        | Killed a destroyer
    75 | D        | Noticed a meat beast
    75 | D        | Noticed a large bag of meat
    76 | D        | Noticed a meat beast
    76 | D        | Noticed The Servant
    77 | D        | Noticed a large bag of meat
    77 | D        | Noticed a tyrant
    77 | D        | Noticed a destroyer
    77 | D        | Noticed a tyrant
    77 | D        | Noticed a dread
    78 | D        | Killed a meat beast
    78 | D        | Noticed a dread
    78 | D        | Noticed a large bag of meat
    78 | D        | Noticed an accursed
    79 | D        | Killed a meat beast
    79 | D        | Noticed a destroyer
    79 | D        | Noticed a destroyer
    79 | D        | Noticed a tyrant
    80 | D        | Noticed a meat beast
    80 | D        | Noticed a destroyer
    81 | D        | Killed a meat beast
    82 | D        | Noticed a large bag of meat
    82 | D        | Noticed a tyrant
    83 | D        | Noticed a meat beast
    84 | D        | Killed a meat beast
    85 | D        | Noticed a meat beast
    85 | D        | Noticed a large bag of meat
    85 | D        | Noticed a destroyer
    86 | D        | Noticed a destroyer
    86 | D        | Killed a tyrant
    86 | D        | Killed a destroyer
    86 | D        | Noticed a tyrant
    86 | D        | Noticed a dread
    86 | D        | Noticed a tyrant
    87 | D        | Killed a destroyer
    87 | D        | Killed a meat beast
    87 | D        | Noticed a large bag of meat
    88 | D        | Noticed an accursed
    89 | D        | Noticed a destroyer
    89 | D        | Noticed an accursed
    90 | D        | Killed a meat beast
    90 | D        | Killed a tyrant
    90 | D        | Noticed a meat beast
    91 | D        | Killed a destroyer
    91 | D        | Killed a tyrant
    91 | D        | Killed a destroyer
    91 | D        | Noticed a meat beast
    91 | D        | Noticed a large bag of meat
    92 | D        | Killed a tyrant
    93 | D        | Killed a large bag of meat
    93 | D        | Killed a large bag of meat
    93 | D        | Killed a dread
    93 | D        | Noticed a tyrant
    94 | D        | Killed a dread
    94 | D        | Noticed a tyrant
    94 | D        | Noticed a large bag of meat
    95 | D        | Noticed an accursed
    97 | D        | Noticed a tyrant
    97 | D        | Killed a destroyer
    97 | D        | Killed a meat beast
    98 | D        | Killed a meat beast
   101 | D        | Noticed a meat beast
   101 | D        | Noticed a destroyer
   102 | D        | HP: 2/249 [accursed/divine providence (12)]
   103 | D        | Killed a destroyer
   103 | D        | Noticed a destroyer
   105 | D        | Killed a destroyer
   105 | D        | Noticed a destroyer
   106 | D        | Killed a tyrant
   106 | D        | Killed a dread
   106 | D        | Killed a destroyer
   107 | D        | Noticed a large bag of meat
   107 | D        | HP: 12/249 [??? (7)]
   107 | D        | Killed from afar by an accursed

Skill      XL: |  1  2  3  4  5  6  7  8  9 10 11 12 13 14 15 16 17 18 19 20 21 22 |
---------------+-------------------------------------------------------------------+-----
Fighting       | 16 19 21 23 25 27 | 27.0
Axes           | 15 18 19 22 23 26 27 | 27.0
Throwing       | 15 18 19 22 23 26 27 | 27.0
Dodging        | 15 18 19 22 23 26 27 | 27.0
Armour         | 12 17 21 25 27 | 27.0
Stealth        | 13 19 23 26 27 | 27.0
Unarmed Combat | 12 17 21 25 27 | 27.0
Spellcasting   | 12 17 21 25 27 | 27.0
Invocations    | 16 23 27 | 27.0

Action                   |  1- 3 |  4- 6 |  7- 9 | 10-12 | 13-15 | 16-18 | 19-21 | 22-24 | 25-27 || total
-------------------------+-------+-------+-------+-------+-------+-------+-------+-------+-------++-------
Melee: Executioner's axe |     1 |       |       |       |     3 |     8 |     9 |    11 |    52 ||    84
Armor: Leather armour    |       |       |       |       |       |       |       |     1 |     3 ||     4
Dodge: Dodged            |       |       |       |       |     1 |       |       |     3 |     6 ||    10
